 Dungeon Sprint DCSS version 0.18-a0-1800-gdc7a371 (webtiles) character file.

140 Moloch the Cleaver (level 5, -4/48 HPs)
             Began as a Gargoyle Berserker on Apr 24, 2016.
             Was a Priest of Trog.
             Slain by a human
             ... wielding a +0 mace
              (11 damage)
             ... in the Dungeon (Sprint III: "The Ten Rune Challenge").
             The game lasted 00:01:15 (426 turns).

Moloch the Cleaver (Gargoyle Berserker)              Turns: 426, Time: 00:01:16

Health: -4/48      AC:  7    Str: 26    XL:     5   Next: 23%
Magic:  5/5        EV: 12    Int:  8    God:    Trog [***...]
Gold:   23         SH:  0    Dex:  9    Spells: 0 memorised, 4 levels left

rFire  . . .     SeeInvis .     a - +0 hand axe
rCold  . . .     Gourm    .     b - +0 animal skin
rNeg   + . .     Faith    .     (no shield)
rPois  ∞         Spirit   .     (no helmet)
rElec  +         Dismiss  .     k - +0 cloak
rCorr  .         Reflect  .     (no gloves)
SustAt .         Harm     .     (no boots)
MR     .....     NoTele   +     (no amulet)
Stlth  ..........               (no ring)
                                (no ring)

@: berserking, very quick, not resistant to hostile enchantments, extremely
unstealthy
A: negative energy resistance 1, electricity resistance, unbreathing,
petrification resistance, rot immunity, AC +4
a: Berserk, Trog's Hand, Burn Spellbooks, Renounce Religion


You were in the Dungeon.
You worshipped Trog.
Trog was most pleased with you.
You were hungry.

You visited 1 branch You collected 23 gold pieces.

Inventory:

Hand Weapons
 a - a +0 hand axe (weapon)
Armour
 b - a +0 animal skin (worn)
 k - a +0 cloak (worn)
Scrolls
 i - a scroll of blinking
 m - a scroll of holy word {unknown}
 n - 2 scrolls of identify {unknown}
 o - 3 scrolls of remove curse
 s - a scroll of torment {unknown}
Potions
 d - a potion of curing
 e - 2 potions of heal wounds
 f - a potion of haste
 g - 2 potions of magic
 h - a potion of berserk rage
 l - 3 potions of mutation {unknown}
 q - a potion of degeneration {unknown}
 r - 4 potions of flight
 u - a potion of cure mutation {unknown}
Comestibles
 c - a bread ration
 p - a royal jelly
 t - a meat ration


   Skills:
 - Level 3.2 Fighting
 + Level 9.6 Axes
 - Level 2.1 Armour
 - Level 1.5 Dodging


You had 4 spell levels left.
You didn't know any spells.

Dungeon Overview and Level Annotations

Branches:
Dungeon (1/1)

Altars:
Okawaru
Trog


Innate Abilities, Weirdness & Mutations

You are resistant to torment.
Your stone body is resilient (AC +4).
You are immune to poison.
You resist negative energy.
You are resistant to electric shocks.
You can survive without breathing.
You are immune to petrification.
You are immune to rotting.


Message History

You hit the human.
The human is moderately wounded.
You miss the human.
The human is severely wounded.
Unknown command.
Unknown command.
You slash the human!
The human is heavily wounded.
You closely miss the human.
The human is severely wounded.
The human hits you with a mace.
* * * LOW HITPOINT WARNING * * *
The human completely misses you.
Unknown command.
You hit the human.
The human is severely wounded.
You closely miss the human.
The human is severely wounded.
The human hits you with a mace!
You die...

▓▓▓▓▓▓ ▓▓▓ .....♣♣ ♣.#
##### ......♣ ♣♣.#
#_p[# ....♣.♣ ♣..#
#@p.#
....≈♣♣♣♣..###+#'###+##
...≈≈♣♣.♣..#..........#
..≈≈≈≈.....'.⌠........#
..≈≈≈≈≈≈.♣.#...######+#
.≈≈≈≈≈≈....#.⌠.#
.≈≈≈≈≈.....#...#
.≈≈≈.......#+###
..)........#


You could see 2 humans.

Vanquished Creatures
  A water elemental (D)
  Crazy Yiuf (D)
  Jessica (D)
  A human (D)
  An ooze (D)
  2 rats (D)
7 creatures vanquished.

Vanquished Creatures (others)
  2 draconian scorchers (D)
2 creatures vanquished.

Grand Total: 9 creatures vanquished

Notes
Turn   | Place    | Note
--------------------------------------------------------------
     0 | D        | Moloch the Gargoyle Berserker began the quest for the Orb.
     0 | D        | Reached XP level 1. HP: 14/14 MP: 1/1
     5 | D        | Reached skill level 3 in Axes
     8 | D        | Reached ** piety under Trog
     8 | D        | Reached skill level 4 in Axes
    99 | D        | Noticed Jessica
   104 | D        | Killed Jessica
   104 | D        | Reached skill level 6 in Axes
   104 | D        | Reached XP level 2. HP: 19/19 MP: 2/2
   104 | D        | Reached XP level 3. HP: 23/23 MP: 3/3
   161 | D        | Reached *** piety under Trog
   161 | D        | Reached skill level 7 in Axes
   192 | D        | Killed a white draconian scorcher
   202 | D        | Killed a white draconian scorcher
   221 | D        | Noticed Crazy Yiuf
   236 | D        | Killed Crazy Yiuf
   236 | D        | Reached skill level 8 in Axes
   236 | D        | Reached XP level 4. HP: 28/28 MP: 4/4
   285 | D        | Noticed a water elemental
   292 | D        | Killed a water elemental
   292 | D        | Reached skill level 9 in Axes
   292 | D        | Reached XP level 5. HP: 26/32 MP: 5/5
   416 | D        | Found an iron altar of Okawaru.
   417 | D        | Found a bloodstained altar of Trog.
   417 | D        | Noticed a human
   417 | D        | Noticed a human
   426 | D        | Slain by a human

Vault maps used:
D:        dungeon_sprint_mu

Skill      XL: |  1  2  3  4 |
---------------+-------------+-----
Axes           | 6 8 9 |  9.6
Fighting       | |  3.2
Armour         | |  2.1
Dodging        | |  1.5

Action                   |  1- 3 |  4- 6 || total
-------------------------+-------+-------++-------
Melee: Hand axe          |    16 |    12 ||    28
Invok: Berserk           |     3 |     2 ||     5
 Stab: Sleeping          |     1 |       ||     1
  Eat: Chunk             |       |     2 ||     2
Armor: Animal skin       |     1 |     1 ||     2
Dodge: Dodged            |     5 |     2 ||     7
